[ AOE2 MATCH · #506568642 ]
UnrankedBurmese vs Romans
Player's team · LOSS
Rival team · WIN
[ REPLAY ANALYSIS · EXTRACTED FROM THE RECORDED GAME ]
Feudal
12:23
Castle
—
Imperial
—
| APM avg | 55.6 |
| APM peak | 87 |
| eAPM avg | 33.5 |
| Villagers / military | 58 / 27 |
Focus
⚔️ 41.8% · 🌾 58.2%
Skirmisher ×16 · Militia ×8 · Archer ×3
Feudal
11:44
Castle
—
Imperial
—
| APM avg | 91.9 |
| APM peak | 190 |
| eAPM avg | 59.3 |
| Villagers / military | 73 / 38 |
Focus
⚔️ 63.8% · 🌾 36.2%
Archer ×16 · Militia ×16 · Skirmisher ×6
Match map
Initial resources + every placement click. Lines = walls · curves = elevation contours. ◆ gold · ⬟ stone · ● berries · ✦ relic · ◌ wall gap
Your base· Open — opponent sealed themselves in
VENÓN | Frida Lover's base· ✓ Closed at 12:00 · 7t walls · no gate
Smoothed initial terrain · ◌ = detected wall gap · hover for details
Inputs per minute
— ferminsin - - VENÓN | Frida Lover
Build order — ferminsin
149 actions detected in the replay
| 0:01 | Queue | Villager (Male) |
| 0:01 | Queue | Villager (Male) |
| 0:02 | Queue | Villager (Male) |
| 0:02 | Build | House |
| 0:04 | Build | House |
| 0:07 | Queue | Villager (Male) |
| 0:30 | Queue | Villager (Male) |
| 0:30 | Research | Loom |
| 0:45 | Queue | Villager (Male) |
| 0:46 | Queue | Villager (Male) |
| 0:46 | Queue | Villager (Male) |
| 1:32 | Queue | Villager (Male) |
| 2:48 | Queue | Villager (Male) |
| 3:11 | Queue | Villager (Male) |
| 3:40 | Queue | Villager (Male) |
| 3:40 | Queue | Villager (Male) |
| 3:45 | Build | Lumber Camp |
| 4:04 | Queue | Villager (Male) |
| 4:05 | Queue | Villager (Male) |
| 4:24 | Build | House |
| 4:25 | Build | Palisade Wall |
| 4:39 | Queue | Villager (Male) |
| 4:56 | Queue | Villager (Male) |
| 5:15 | Build | Palisade Wall |
| 5:22 | Build | House |
| 5:33 | Queue | Villager (Male) |
| 5:33 | Queue | Villager (Male) |
| 5:35 | Queue | Villager (Male) |
| 5:35 | Queue | Villager (Male) |
| 6:25 | Queue | Villager (Male) |
| 6:42 | Queue | Villager (Male) |
| 6:48 | Build | Mill |
| 7:13 | Queue | Villager (Male) |
| 7:13 | Queue | Villager (Male) |
| 7:14 | Queue | Villager (Male) |
| 7:30 | Queue | Villager (Male) |
| 8:04 | Queue | Villager (Male) |
| 8:05 | Queue | Villager (Male) |
| 8:31 | Build | Barracks |
| 8:52 | Build | Palisade Wall |
| 9:05 | Queue | Villager (Male) |
| 9:13 | Build | Palisade Wall |
| 9:33 | Queue | Villager (Male) |
| 9:54 | Build | Mining Camp |
| 10:04 | Build | House |
| 10:14 | Research | Feudal Age |
| 10:15 | Queue | Militia |
| 10:15 | Queue | Militia |
| 10:16 | Queue | Militia |
| 10:30 | Build | House |
| 10:48 | Queue | Militia |
| 10:52 | Build | Mining Camp |
| 11:20 | Queue | Militia |
| 12:01 | Build | Palisade Wall |
| 12:07 | Build | Palisade Wall |
| 12:17 | Queue | Militia |
| 12:23 | Age | Feudal Age |
| 12:29 | Build | Palisade Wall |
| 12:30 | Research | Man-at-Arms (upgrade) |
| 12:40 | Queue | Militia |
| 12:47 | Build | Archery Range |
| 12:58 | Queue | Villager (Male) |
| 13:12 | Build | Mill |
| 13:23 | Queue | Militia |
| 13:41 | Build | Watch Tower |
| 14:01 | Queue | Villager (Male) |
| 14:01 | Queue | Villager (Male) |
| 14:02 | Queue | Villager (Male) |
| 14:02 | Queue | Villager (Male) |
| 14:02 | Queue | Villager (Male) |
| 14:02 | Queue | Villager (Male) |
| 14:13 | Queue | Skirmisher |
| 14:14 | Queue | Skirmisher |
| 14:14 | Queue | Skirmisher |
| 14:36 | Queue | Skirmisher |
| 14:51 | Build | Blacksmith |
| 14:53 | Queue | Villager (Male) |
| 15:01 | Queue | Skirmisher |
| 15:20 | Build | Farm |
| 15:20 | Build | Farm |
| 15:21 | Build | Farm |
| 15:21 | Build | Farm |
| 15:37 | Queue | Skirmisher |
| 15:37 | Queue | Skirmisher |
| 16:02 | Build | Mining Camp |
| 16:07 | Queue | Skirmisher |
| 16:12 | Queue | Villager (Male) |
| 16:15 | Queue | Villager (Male) |
| 16:36 | Queue | Skirmisher |
| 16:59 | Build | Palisade Wall |
| 17:01 | Build | Palisade Wall |
| 17:05 | Build | Palisade Wall |
| 17:07 | Build | House |
| 17:16 | Build | House |
| 17:19 | Build | House |
| 17:28 | Queue | Skirmisher |
| 17:29 | Queue | Villager (Male) |
| 17:36 | Build | Palisade Wall |
| 17:37 | Build | Palisade Wall |
| 17:38 | Build | Palisade Wall |
| 17:39 | Build | Palisade Wall |
| 17:53 | Build | House |
| 17:55 | Build | Palisade Wall |
| 17:57 | Build | Palisade Wall |
| 17:59 | Build | Palisade Wall |
| 18:07 | Queue | Villager (Male) |
| 18:12 | Research | Fletching |
| 18:23 | Queue | Archer |
| 18:35 | Build | Farm |
| 18:39 | Build | Farm |
| 18:51 | Build | Dock |
| 18:57 | Queue | Archer |
| 19:03 | Queue | Villager (Male) |
| 19:05 | Build | Farm |
| 19:22 | Queue | Villager (Male) |
| 19:38 | Build | House |
| 19:57 | Build | House |
| 19:59 | Build | House |
| 20:03 | Queue | Skirmisher |
| 20:03 | Queue | Skirmisher |
| 20:15 | Research | Town Watch |
| 20:20 | Build | House |
| 20:28 | Queue | Skirmisher |
| 20:34 | Build | Farm |
| 20:40 | Queue | Skirmisher |
| 20:46 | Queue | Villager (Male) |
| 21:08 | Build | Watch Tower |
| 21:10 | Build | House |
| 21:13 | Build | Palisade Wall |
| 21:25 | Queue | Villager (Male) |
| 21:25 | Queue | Villager (Male) |
| 21:26 | Queue | Villager (Male) |
| 21:35 | Queue | Villager (Male) |
| 21:56 | Queue | Villager (Male) |
| 22:27 | Queue | Villager (Male) |
| 23:15 | Queue | Villager (Male) |
| 23:16 | Build | Lumber Camp |
| 23:25 | Queue | Archer |
| 23:26 | Queue | Skirmisher |
| 23:32 | Research | Padded Archer Armor |
| 24:00 | Build | Palisade Wall |
| 24:21 | Queue | Villager (Male) |
| 24:22 | Queue | Villager (Male) |
| 24:23 | Queue | Villager (Male) |
| 24:35 | Build | Palisade Gate |
| 24:59 | Queue | Skirmisher |
| 25:08 | Build | Watch Tower |
| 25:13 | Queue | Villager (Male) |
| 25:32 | Queue | Villager (Male) |
Build order — VENÓN | Frida Lover
First 150 of 185 actions detected
| 0:01 | Queue | Villager (Male) |
| 0:01 | Queue | Villager (Male) |
| 0:01 | Queue | Villager (Male) |
| 0:02 | Build | House |
| 0:02 | Build | House |
| 0:14 | Research | Loom |
| 0:14 | Queue | Villager (Male) |
| 0:14 | Queue | Villager (Male) |
| 0:29 | Queue | Villager (Male) |
| 1:48 | Build | Palisade Wall |
| 1:50 | Build | Palisade Wall |
| 1:55 | Build | House |
| 1:57 | Build | Palisade Wall |
| 1:59 | Build | Palisade Wall |
| 2:01 | Queue | Villager (Male) |
| 2:37 | Queue | Villager (Male) |
| 2:54 | Build | Palisade Wall |
| 2:57 | Build | Palisade Wall |
| 2:58 | Build | Palisade Wall |
| 3:13 | Queue | Villager (Male) |
| 3:13 | Queue | Villager (Male) |
| 3:38 | Queue | Villager (Male) |
| 3:38 | Queue | Villager (Male) |
| 4:02 | Queue | Villager (Male) |
| 4:02 | Queue | Villager (Male) |
| 4:33 | Queue | Villager (Male) |
| 4:33 | Queue | Villager (Male) |
| 4:40 | Build | Lumber Camp |
| 4:48 | Queue | Villager (Male) |
| 5:03 | Queue | Villager (Male) |
| 5:03 | Queue | Villager (Male) |
| 5:22 | Queue | Villager (Male) |
| 5:36 | Queue | Villager (Male) |
| 5:36 | Queue | Villager (Male) |
| 5:41 | Build | Outpost |
| 5:52 | Queue | Villager (Male) |
| 5:52 | Queue | Villager (Male) |
| 6:10 | Build | House |
| 6:22 | Queue | Villager (Male) |
| 6:22 | Queue | Villager (Male) |
| 6:30 | Queue | Villager (Male) |
| 6:30 | Queue | Villager (Male) |
| 7:09 | Queue | Villager (Male) |
| 7:09 | Queue | Villager (Male) |
| 7:25 | Build | House |
| 7:39 | Queue | Villager (Male) |
| 7:39 | Queue | Villager (Male) |
| 8:08 | Build | Mill |
| 8:29 | Build | Barracks |
| 8:48 | Queue | Villager (Male) |
| 9:08 | Build | House |
| 9:26 | Research | Feudal Age |
| 9:26 | Research | Feudal Age |
| 9:48 | Queue | Militia |
| 9:48 | Queue | Militia |
| 9:48 | Queue | Militia |
| 10:04 | Queue | Militia |
| 10:12 | Build | Mining Camp |
| 10:25 | Queue | Militia |
| 10:27 | Queue | Villager (Male) |
| 10:27 | Queue | Villager (Male) |
| 10:40 | Build | House |
| 11:04 | Queue | Militia |
| 11:05 | Queue | Villager (Male) |
| 11:16 | Build | House |
| 11:44 | Age | Feudal Age |
| 11:47 | Research | Man-at-Arms (upgrade) |
| 11:48 | Queue | Villager (Male) |
| 12:04 | Build | Palisade Gate |
| 12:07 | Build | House |
| 12:09 | Build | Archery Range |
| 12:35 | Queue | Villager (Male) |
| 12:42 | Queue | Villager (Male) |
| 12:46 | Build | Lumber Camp |
| 13:07 | Queue | Militia |
| 13:11 | Queue | Archer |
| 13:12 | Queue | Villager (Male) |
| 13:12 | Queue | Villager (Male) |
| 13:27 | Queue | Archer |
| 13:41 | Queue | Militia |
| 13:46 | Build | Watch Tower |
| 13:49 | Build | House |
| 14:11 | Queue | Archer |
| 14:42 | Build | Watch Tower |
| 14:43 | Queue | Villager (Male) |
| 14:46 | Build | Palisade Gate |
| 14:49 | Build | House |
| 14:50 | Queue | Archer |
| 14:54 | Queue | Villager (Male) |
| 14:54 | Queue | Villager (Male) |
| 15:03 | Queue | Militia |
| 15:24 | Queue | Villager (Male) |
| 15:35 | Queue | Villager (Male) |
| 15:51 | Queue | Archer |
| 15:56 | Queue | Villager (Male) |
| 15:57 | Build | Blacksmith |
| 16:13 | Queue | Archer |
| 16:20 | Queue | Skirmisher |
| 16:22 | Research | Fletching |
| 16:22 | Research | Fletching |
| 16:24 | Queue | Villager (Male) |
| 16:26 | Queue | Villager (Male) |
| 16:28 | Build | Farm |
| 16:29 | Build | Farm |
| 16:29 | Build | Farm |
| 16:30 | Queue | Villager (Male) |
| 16:30 | Build | House |
| 16:41 | Queue | Archer |
| 16:43 | Queue | Villager (Male) |
| 16:54 | Queue | Skirmisher |
| 16:57 | Queue | Villager (Male) |
| 17:00 | Research | Double-Bit Axe |
| 17:22 | Queue | Skirmisher |
| 17:33 | Build | Mining Camp |
| 17:36 | Queue | Villager (Male) |
| 17:39 | Queue | Archer |
| 17:48 | Queue | Militia |
| 18:02 | Queue | Archer |
| 18:06 | Build | Farm |
| 18:07 | Build | Farm |
| 18:20 | Queue | Villager (Male) |
| 18:22 | Build | House |
| 18:25 | Queue | Villager (Male) |
| 18:30 | Build | House |
| 18:31 | Queue | Archer |
| 18:35 | Build | Farm |
| 18:39 | Build | Farm |
| 18:50 | Queue | Archer |
| 18:51 | Queue | Villager (Male) |
| 18:59 | Research | Scale Mail Armor |
| 19:04 | Build | House |
| 19:06 | Queue | Archer |
| 19:16 | Build | Outpost |
| 19:23 | Queue | Villager (Male) |
| 19:29 | Queue | Skirmisher |
| 19:33 | Build | Stable |
| 19:37 | Build | Barracks |
| 20:16 | Queue | Skirmisher |
| 20:21 | Build | House |
| 20:24 | Queue | Militia |
| 20:31 | Queue | Villager (Male) |
| 20:31 | Queue | Villager (Male) |
| 20:32 | Build | Farm |
| 20:33 | Build | Market |
| 20:41 | Build | Watch Tower |
| 20:56 | Queue | Militia |
| 20:58 | Build | Farm |
| 20:59 | Build | Farm |
| 21:31 | Queue | Villager (Male) |
| 21:46 | Queue | Villager (Male) |
Match timeline
| 1:48 | VENÓN | Frida Lover · wall_segment Palisade Wall x1 |
| 1:50 | VENÓN | Frida Lover · wall_segment Palisade Wall x1 |
| 1:57 | VENÓN | Frida Lover · wall_segment Palisade Wall x1 |
| 1:59 | VENÓN | Frida Lover · wall_segment Palisade Wall x1 |
| 2:54 | VENÓN | Frida Lover · wall_segment Palisade Wall x1 |
| 2:57 | VENÓN | Frida Lover · wall_segment Palisade Wall x1 |
| 2:58 | VENÓN | Frida Lover · wall_segment Palisade Wall x1 |
| 4:25 | ferminsin · wall_segment Palisade Wall x1 |
| 5:15 | ferminsin · wall_segment Palisade Wall x1 |
| 8:29 | VENÓN | Frida Lover · first_building Barracks |
| 8:31 | ferminsin · first_building Barracks |
| 8:52 | ferminsin · wall_segment Palisade Wall x1 |
| 9:13 | ferminsin · wall_segment Palisade Wall x1 |
| 11:44 | VENÓN | Frida Lover · age_up feudal |
| 12:01 | ferminsin · wall_segment Palisade Wall x1 |
| 12:07 | ferminsin · wall_segment Palisade Wall x1 |
| 12:09 | VENÓN | Frida Lover · first_building Archery Range |
| 12:23 | ferminsin · age_up feudal |
| 12:29 | ferminsin · wall_segment Palisade Wall x1 |
| 12:47 | ferminsin · first_building Archery Range |
| 16:59 | ferminsin · wall_segment Palisade Wall x1 |
| 17:01 | ferminsin · wall_segment Palisade Wall x1 |
| 17:05 | ferminsin · wall_segment Palisade Wall x1 |
| 17:36 | ferminsin · wall_segment Palisade Wall x1 |
| 17:37 | ferminsin · wall_segment Palisade Wall x1 |
| 17:38 | ferminsin · wall_segment Palisade Wall x1 |
| 17:39 | ferminsin · wall_segment Palisade Wall x1 |
| 17:55 | ferminsin · wall_segment Palisade Wall x1 |
| 17:57 | ferminsin · wall_segment Palisade Wall x2 |
| 17:59 | ferminsin · wall_segment Palisade Wall x1 |
| 18:51 | ferminsin · first_building Dock |
| 19:33 | VENÓN | Frida Lover · first_building Stable |
| 21:13 | ferminsin · wall_segment Palisade Wall x1 |
| 22:09 | VENÓN | Frida Lover · first_market_buy 100 food |
| 24:00 | ferminsin · wall_segment Palisade Wall x1 |
| 25:40 | ferminsin · resign |
[ AI ANALYSIS · 1 CREDIT ]
What really happened in this match?
Wolo.gg analyzes every decision: build order, eco, micro, common mistakes by bracket. Personalized analysis on WhatsApp or Discord in 30 seconds.
Civ guide
Burmese
Perfil
Jugador #9211917